 Dungeon Crawl Stone Soup version 0.31-a0-532-g28f74ba3e5 (webtiles) character file.

Game seed: 12357127818552853251

51 Iich the Ruffian (level 3, -3/21 HPs)
             Began as a Gargoyle Shapeshifter on Aug 13, 2023.
             Slain by an orc priest
             ... wielding a +0 mace
              (6 damage)
             ... on level 2 of the Dungeon.
             The game lasted 00:04:19 (1427 turns).

Iich the Ruffian (Gargoyle Shapeshifter)            Turns: 1427, Time: 00:04:19

Health: -3/21      AC:  6    Str: 18    XL:     3   Next: 81%
Magic:  3/3        EV: 12    Int:  8    God:
Gold:   84         SH:  0    Dex: 12    Spells: 2/2 levels left

rFire   . . .        g - +0 club
rCold   . . .        (no shield)
rNeg    + . .        n - +0 leather armour
rPois   ∞            (helmet currently unavailable)
rElec   +            (cloak currently unavailable)
rCorr   .            (gloves currently unavailable)
SInv    .            (boots currently unavailable)
Will    .....        (no amulet)
Stlth   +            (no ring)
HPRegen 0.23/turn    (no ring)
MPRegen 0.08/turn

%: no passive effects
@: beast-form
A: beast (slay +1), sickness immunity, AC +3, negative energy resistance 1,
electricity resistance, torment resistance 1, petrification resistance
a: Begin Untransformation


You were on level 2 of the Dungeon.
You were a hulking beast.
You visited 1 branch of the dungeon, and saw 3 of its levels.

You collected 84 gold pieces.

Inventory:

Hand Weapons
 g - a +0 club (weapon)
Armour
 a - a +0 animal skin
 n - a +0 leather armour (worn)
Jewellery
 m - an amulet of faith
Talismans
 c - a beast talisman (active)
 d - a flux talisman
Scrolls
 b - a scroll of revelation {unknown}
 e - a scroll of acquirement {unknown}
 f - a scroll of brand weapon {unknown}
 h - a scroll of silence {unknown}
 j - a scroll of fear {unknown}
 o - a scroll of noise
 p - a scroll of enchant armour
 t - a scroll of teleportation
Potions
 k - a potion of ambrosia {unknown}
 l - a potion of resistance {unknown}


   Skills:
 + Level 2.0 Fighting
 + Level 2.1 Dodging
 + Level 3.4 Unarmed Combat
 + Level 2.7 Shapeshifting


You had 2 spell levels left.
You didn't know any spells.
Your spell library contained the following spells:

 Spells                   Type           Power      Damage    Failure   Level
 Freeze                   Ice            0%         1d3       45%         1
 Necrotise                Necr           0%         1d4       45%         1
 Frozen Ramparts          Ice            0%         1d1       83%         3
 Hailstorm                Conj/Ice       0%         3d3       83%         3
 Vampiric Draining        Necr           0%         2d6       83%         3
 Agony                    Necr           0%         N/A       100%        5


Dungeon Overview and Level Annotations

Branches:
Dungeon (3/15)

Altars:

Shops:
D:2 *


Innate Abilities, Weirdness & Mutations

You are a hulking beast.
Your limbs bulge with bestial killing power. (Slay +1)
You are immune to sickness and miasma.
Your stone body is resilient. (AC +3)
You are immune to poison.
You resist negative energy. (rN+)
You are resistant to electric shocks. (rElec)
You are resistant to unholy torment.
You are immune to petrification.


Message History

No target in view!
An orc priest comes into view. It is wielding a +0 mace.
An orc priest is nearby!
The orc priest shouts!
You hear a shout!
An orc comes into view. It is wielding a +0 flail.
Found a stone staircase leading down.
The orc shouts!
You hear a shout! 2 orcs come into view.
The orc shouts!
You hear a shout!
The orc priest mumbles some strange prayers to Beogh against you.
Beogh smites you!
Ouch! That really hurt!
* * * LOW HITPOINT WARNING * * *
An orc comes into view. It is wielding a +0 hand axe.
You take 12 damage, and have 9/21 hp. !!!!--MASSIVE DAMAGE--!!!!
The orc priest hits you with a +0 mace.
* * * LOW HITPOINT WARNING * * *
You take 6 damage, and have 3/21 hp. !!!!--MASSIVE DAMAGE--!!!!
The orc priest attacks as you move away!
The orc priest barely misses you.
There is a stone staircase leading up here.
The orc priest closely misses you.
You climb upwards.
There is a stone staircase leading down here.
You hit the orc priest.
The orc priest is lightly wounded.
The orc priest barely misses you.
You closely miss the orc priest.
The orc priest is lightly wounded.
The orc priest barely misses you.
You hit the orc priest but do no damage.
The orc priest is lightly wounded.
The orc priest hits you with a +0 mace.
* * * LOW HITPOINT WARNING * * *
The orc priest misses you.
You take 1 damage, and have 3/21 hp.
You barely miss the orc priest.
The orc priest is lightly wounded.
The orc priest hits you with a +0 mace.
You die...

#..#..###..#.#.###
#..'..'_#..#.....####
#..#..###..#.###....###
#..#.......#.# ####....
#..#.......#.# ####.
#..#########.# ######.
#............# #......
#..#..o....### #......
##....h..### #......
###.....########......
######.....)...##........
#........................
###......#....#...#.<....
#.#....................
#.#......†....#........
#.#....................
#............#.........


You could see an orc priest.

Vanquished Creatures
  An adder (D:2)
  2 worms (D:2)
  4 bats
  3 endoplasms
  A giant cockroach (D:2)
  A goblin (D:2)
  3 hobgoblins (D:2)
  4 jackals (D:2)
  5 ball pythons
  A frilled lizard (D:1)
  5 kobolds
  3 rats
33 creatures vanquished.

Notes
Turn   | Place    | Note
-------+----------+-------------------------------------------
     0 | D:1      | Iich the Gargoyle Shapeshifter began the quest for the Orb.
     0 | D:1      | Reached XP level 1. HP: 12/12 MP: 1/1
   282 | D:1      | Reached XP level 2. HP: 8/16 MP: 2/2
   680 | D:2      | Reached XP level 3. HP: 10/21 MP: 3/3
   831 | D:2      | HP: 1/31 [worm (2)]
  1046 | D:2      | Found a faded altar of an unknown god.
  1147 | D:2      | Found Ralizo's Assorted Antiques.
  1427 | D:2      | Slain by an orc priest

Illustrated notes

Levels and vault maps discovered:
D:1:      minmay_arrival_semitransparent, layout_basic
D:2:      layout_rooms, hellmonk_ecumenical_altar_inner_sanctum, serial_shops,
          nicolae_diamond_shop
D:3:      layout_rooms, uniq_natasha

Skill      XL: |  1  2  3 |
---------------+----------+-----
Dodging        | 2 |  2.1
Fighting       | 2 |  2.0
Unarmed Combat | |  3.4
Shapeshifting  | |  2.7

Action                     || total
---------------------------++-------
  Melee: Club              ||   125
         Unarmed           ||     3
         Punch             ||     2
    Use: Scroll            ||     3
         Potion            ||     1
 Armour: Animal skin       ||    47
         Skin              ||     9
         Leather armour    ||     7
  Dodge: Dodged            ||   107

Table legend: (Time is in decaauts)
 A = Elapsed time spent in this place.
 B = Non-inter-level travel time spent in this place.
 C = Inter-level travel time spent in this place.
 D = Time resting spent in this place.
 E = Time spent auto-exploring this place.
 F = Levels seen in this place.
 G = Mean time per level.
                   A        B        C        D        E       F      G
               +--------+--------+--------+--------+--------+-----+--------+
         Total |   1463 |   1385 |     78 |    188 |    856 |   3 |  487.7 |
       Dungeon |   1463 |   1385 |     78 |    188 |    856 |   3 |  487.7 |
               +--------+--------+--------+--------+--------+-----+--------+

Top non-repeatable levels by time:
     D:2: 821 daAuts
     D:1: 628 daAuts
     D:3: 13 daAuts
